AAA EAST
SYRACUSE CHIEFS @ BUFFALO BISONS
04/18/2042
 
TOP OF THE 1ST
Syracuse Chiefs batting - Pitching for Buffalo Bisons : RHP Greg Jones
Pitching: RHP Greg Jones
Batting: RHB Randy Simms 0-0: Ball
1-0: Ball
2-0: Called Strike
2-1: Ball
3-1: Base on Balls
Batting: LHB Jamie Smith 0-0: Ball
Randy Simms steals 2nd base
1-0: Foul Ball, location: 2F
1-1: Called Strike
1-2: SINGLE (Line Drive, 9S, EV 100.6 MPH)
Randy Simms to third
Batting: RHB César Ortíz 0-0: Foul Ball, location: 9LMF
0-1: Fly out, F9 (Flyball, 9S, EV 88.1 MPH)
Runner from 3rd tags up, SCORES, throw by RF
Batting: LHB Pancho Moreno 0-0: Called Strike
0-1: Foul Ball, location: 5DF
0-2: Foul Ball, location: 2F
0-2: Reached on error, E8 (Flyball, 8LD, EV 95.0 MPH)
Jamie Smith to second
Batting: RHB Joe Smith 0-0: Foul Ball, location: 7LDF
0-1: Foul Ball, location: 2F
0-2: Fly out, F8 (Flyball, 8LD, EV 100.0 MPH)
Batting: LHB Lauro Malaparte 0-0: Called Strike
0-1: Ball
1-1: Ball
2-1: Called Strike
2-2: Ball
3-2: Base on Balls
Jamie Smith to third
Pancho Moreno to second
Batting: RHB Ignacio Cruz 0-0: Ball
1-0: Ball
2-0: Fly out, F5 (Popup, 25F, EV 83.1 MPH)
Top of the 1st over - 1 run, 1 hit, 1 error, 3 left on base; Syracuse 1 - Buffalo 0
BOTTOM OF THE 1ST
Buffalo Bisons batting - Pitching for Syracuse Chiefs : RHP Bob Hopper
Pitching: RHP Bob Hopper
Batting: LHB Luis Mejía 0-0: Ball
1-0: Ball
2-0: Called Strike
2-1: Foul Ball, location: 5FF
2-2: Ground out 6-3 (Groundball, 56, EV 100.6 MPH)
Batting: RHB Bob Robinson 0-0: Ball
1-0: Ball
2-0: Foul Ball, location: 5FF
2-1: Ball
3-1: Foul Ball, location: 9LSF
3-2: Base on Balls
Batting: LHB Albert Hernández 0-0: Foul Ball, location: 25FF
0-1: Ball
1-1: Called Strike
1-2: Strikes out swinging
Batting: RHB Xavier Gómez 0-0: Ball
1-0: Fielders Choice at 2nd, 6-4 (Groundball, 6MD, EV 82.5 MPH)
Bottom of the 1st over - 0 runs, 0 hits, 0 errors, 1 left on base; Syracuse 1 - Buffalo 0
TOP OF THE 2ND
Syracuse Chiefs batting - Pitching for Buffalo Bisons : RHP Greg Jones
Batting: RHB Dave Smith 0-0: Called Strike
0-1: Foul Ball, location: 2F
0-2: Ball
1-2: Ball
2-2: Ball
3-2: Strikes out swinging
Batting: RHB Jimmy Frazier 0-0: Ball
1-0: Swinging Strike
1-1: Ball
2-1: Ground out 5-3 (Groundball, 56S, EV 81.3 MPH)
Batting: RHB Randy Simms 0-0: Ball
1-0: Ball
2-0: Called Strike
2-1: Ball
3-1: Base on Balls
Batting: LHB Jamie Smith 0-0: Called Strike
0-1: Ball
Randy Simms steals 2nd base
1-1: Swinging Strike
1-2: Foul Ball, location: 2F
1-2: Foul Ball, location: 2F
1-2: Ball
2-2: Foul Ball, location: 9LMF
2-2: Foul Ball, location: 25FF
2-2: Ground out 4-3 (Groundball, 4, EV 82.5 MPH)
Top of the 2nd over - 0 runs, 0 hits, 0 errors, 1 left on base; Syracuse 1 - Buffalo 0
BOTTOM OF THE 2ND
Buffalo Bisons batting - Pitching for Syracuse Chiefs : RHP Bob Hopper
Batting: SHB Jim Harris 0-0: Ball
1-0: Called Strike
1-1: SINGLE (Line Drive, 89M, EV 103.8 MPH)
Batting: LHB Ty Davis 0-0: Ball
1-0: Ball
Wild Pitch!
Jim Harris to second
2-0: Called Strike
2-1: Fly out, F3 (Line Drive, 3L, EV 62.5 MPH)
Batting: RHB Tim Burns 0-0: Ball
1-0: Called Strike
1-1: Ball
2-1: Foul Ball, location: 9LMF
2-2: Ball
3-2: Ground out 4-3 (Groundball, 34, EV 107.5 MPH)
Jim Harris to third
Batting: RHB Juan Sosa 0-0: Called Strike
0-1: Ball
1-1: Ball
2-1: SINGLE (Line Drive, 89S, EV 77.5 MPH)
Jim Harris scores
Batting: RHB Sean Harris 0-0: Ball
1-0: Ball
2-0: Fly out, F9 (Flyball, 9D, EV 95.0 MPH)
Bottom of the 2nd over - 1 run, 2 hits, 0 errors, 1 left on base; Syracuse 1 - Buffalo 1
TOP OF THE 3RD
Syracuse Chiefs batting - Pitching for Buffalo Bisons : RHP Greg Jones
Batting: RHB César Ortíz 0-0: Ball
1-0: Ball
2-0: Called Strike
2-1: Swinging Strike
2-2: Fly out, F9 (Flyball, 9D, EV 90.0 MPH)
Batting: LHB Pancho Moreno 0-0: Ball
1-0: Foul Ball, location: 3F
1-1: Ball
2-1: Ball
3-1: Fly out, F4 (Popup, 4, EV 65.0 MPH)
Batting: RHB Joe Smith 0-0: Called Strike
0-1: Ball
1-1: Ball
2-1: Foul Ball, location: 5DF
2-2: Hit by Pitch
Batting: LHB Lauro Malaparte 0-0: Ball
1-0: Ball
2-0: Ball
3-0: Base on Balls
Joe Smith to second
Batting: RHB Ignacio Cruz 0-0: Called Strike
0-1: Ball
1-1: Ground out 4-3 (Groundball, 13, EV 85.0 MPH)
Top of the 3rd over - 0 runs, 0 hits, 0 errors, 2 left on base; Syracuse 1 - Buffalo 1
BOTTOM OF THE 3RD
Buffalo Bisons batting - Pitching for Syracuse Chiefs : RHP Bob Hopper
Batting: LHB Luis Mejía 0-0: Called Strike
0-1: Foul Ball, location: 3SF
0-2: Foul Ball, location: 3F
0-2: Strikes out looking
Batting: RHB Bob Robinson 0-0: Foul Ball, location: 2RF
0-1: Ball
1-1: Foul Ball, location: 3FF
1-2: Fly out, F9 (Line Drive, 89M, EV 99.4 MPH)
Batting: LHB Albert Hernández 0-0: Called Strike
0-1: Foul Ball, location: 25FF
0-2: Ball
1-2: Strikes out looking
Bottom of the 3rd over - 0 runs, 0 hits, 0 errors, 0 left on base; Syracuse 1 - Buffalo 1
TOP OF THE 4TH
Syracuse Chiefs batting - Pitching for Buffalo Bisons : RHP Greg Jones
Batting: RHB Dave Smith 0-0: Called Strike
0-1: Called Strike
0-2: Strikes out swinging
Batting: RHB Jimmy Frazier 0-0: Called Strike
0-1: Fly out, F4 (Popup, 34S, EV 83.8 MPH)
Pitching: LHP Joaquín Alfaro
Batting: RHB Randy Simms 0-0: Swinging Strike
0-1: Ball
1-1: Ball
2-1: Foul Ball, location: 2F
2-2: Ground out 6-3 (Groundball, 56, EV 80.0 MPH)
Top of the 4th over - 0 runs, 0 hits, 0 errors, 0 left on base; Syracuse 1 - Buffalo 1
BOTTOM OF THE 4TH
Buffalo Bisons batting - Pitching for Syracuse Chiefs : RHP Bob Hopper
Batting: RHB Xavier Gómez 0-0: Ball
1-0: Called Strike
1-1: Ball
2-1: Foul Ball, location: 2F
2-2: Foul Ball, location: 25F
2-2: Foul Ball, location: 5F
2-2: Ground out 6-3 (Groundball, 6, EV 87.5 MPH)
Batting: SHB Jim Harris 0-0: Ground out U3 (Groundball, 3, EV 101.9 MPH)
Batting: LHB Ty Davis 0-0: Called Strike
0-1: Fly out, F8 (Flyball, 8RD, EV 96.3 MPH)
Bottom of the 4th over - 0 runs, 0 hits, 0 errors, 0 left on base; Syracuse 1 - Buffalo 1
TOP OF THE 5TH
Syracuse Chiefs batting - Pitching for Buffalo Bisons : LHP Joaquín Alfaro
Batting: LHB Jamie Smith 0-0: Called Strike
0-1: Fly out, F6 (Line Drive, 6, EV 67.5 MPH)
Batting: RHB César Ortíz 0-0: Fly out, F8 (Flyball, 8RD, EV 101.3 MPH)
Batting: LHB Pancho Moreno 0-0: Ball
1-0: Foul Ball, location: 5DF
1-1: Fly out, F8 (Flyball, 8RS, EV 92.5 MPH)
Top of the 5th over - 0 runs, 0 hits, 0 errors, 0 left on base; Syracuse 1 - Buffalo 1
BOTTOM OF THE 5TH
Buffalo Bisons batting - Pitching for Syracuse Chiefs : RHP Bob Hopper
Batting: RHB Tim Burns 0-0: Ball
1-0: Called Strike
1-1: Called Strike
1-2: Ball
2-2: Ball
3-2: Base on Balls
Batting: RHB Juan Sosa 0-0: Sac Bunt to P - play at first, batter OUT! 1-3
Tim Burns to second
Batting: RHB Sean Harris 0-0: Ball
1-0: Ball
2-0: Ball
3-0: Swinging Strike
3-1: Base on Balls
Batting: LHB Luis Mejía 0-0: Ball
1-0: DOUBLE (Line Drive, 78M, EV 105.6 MPH)
Tim Burns scores
Sean Harris to third
Batting: RHB Bob Robinson 0-0: Called Strike
0-1: SINGLE (Groundball, 4S, EV 68.1 MPH) (infield hit)
Sean Harris scores
Luis Mejía to third
Batting: LHB Albert Hernández 0-0: Ball
Bob Robinson is caught stealing 2nd base 2-6
1-0: Foul Ball, location: 2F
1-1: Ball
2-1: Called Strike
2-2: Ball
3-2: Foul Ball, location: 7LSF
3-2: DOUBLE (Flyball, 8RXD, EV 95.0 MPH)
Luis Mejía scores
Batting: RHB Xavier Gómez 0-0: Called Strike
0-1: Ball
1-1: Foul Ball, location: 25F
1-2: Foul Ball, location: 2F
1-2: Ball
2-2: SINGLE (Line Drive, 6M, EV 99.4 MPH)
Albert Hernández to third
Runner from 3rd tries for Home, SAFE, throw by CF to home
Pitching: RHP Doug Carpenter
Batting: SHB Jim Harris 0-0: Fly out, F7 (Flyball, 7, EV 81.3 MPH)
Bottom of the 5th over - 4 runs, 4 hits, 0 errors, 1 left on base; Syracuse 1 - Buffalo 5
TOP OF THE 6TH
Syracuse Chiefs batting - Pitching for Buffalo Bisons : LHP Joaquín Alfaro
Batting: RHB Joe Smith 0-0: Ball
1-0: Swinging Strike
1-1: Called Strike
1-2: Ball
2-2: Strikes out swinging
Batting: LHB Lauro Malaparte 0-0: Ball
1-0: Foul Ball, location: 7LSF
1-1: Ball
2-1: Called Strike
2-2: Strikes out looking
Batting: RHB Ignacio Cruz 0-0: Ground out 4-3 (Groundball, 4, EV 84.4 MPH)
Top of the 6th over - 0 runs, 0 hits, 0 errors, 0 left on base; Syracuse 1 - Buffalo 5
BOTTOM OF THE 6TH
Buffalo Bisons batting - Pitching for Syracuse Chiefs : RHP Doug Carpenter
Batting: LHB Ty Davis 0-0: Foul Ball, location: 3FF
0-1: Foul Ball, location: 5DF
0-2: Ball
1-2: Fly out, F8 (Flyball, 8LXD, EV 97.5 MPH)
Batting: RHB Tim Burns 0-0: Swinging Strike
0-1: Foul Ball, location: 2F
0-2: Ball
1-2: Ball
2-2: Strikes out looking
Batting: RHB Juan Sosa 0-0: Called Strike
0-1: Ball
1-1: Foul Ball, location: 23F
1-2: Ground out 4-3 (Groundball, 13, EV 88.1 MPH)
Bottom of the 6th over - 0 runs, 0 hits, 0 errors, 0 left on base; Syracuse 1 - Buffalo 5
TOP OF THE 7TH
Syracuse Chiefs batting - Pitching for Buffalo Bisons : LHP Joaquín Alfaro
Batting: RHB Dave Smith 0-0: Called Strike
0-1: Called Strike
0-2: Strikes out swinging
Batting: RHB Jimmy Frazier 0-0: Foul Ball, location: 2F
0-1: Ground out 3-1 (Groundball, 34S, EV 67.5 MPH)
Batting: RHB Randy Simms 0-0: Ball
1-0: Ball
2-0: Ball
3-0: Called Strike
3-1: Foul Ball, location: 2F
3-2: Fly out, F7 (Flyball, 78M, EV 88.1 MPH)
Top of the 7th over - 0 runs, 0 hits, 0 errors, 0 left on base; Syracuse 1 - Buffalo 5
BOTTOM OF THE 7TH
Buffalo Bisons batting - Pitching for Syracuse Chiefs : RHP Doug Carpenter
Batting: RHB Sean Harris 0-0: Ball
1-0: Called Strike
1-1: Ball
2-1: TRIPLE (Flyball, 9D, EV 102.5 MPH)
Batting: LHB Luis Mejía 0-0: Ball
1-0: Ground out 4-3 (Groundball, 4, EV 82.5 MPH)
Batting: RHB Bob Robinson 0-0: Ball
1-0: Ball
2-0: Called Strike
2-1: Reached on error, E3 (Groundball, 13, EV 78.1 MPH)
Sean Harris scores
Batting: LHB Albert Hernández 0-0: Ball
1-0: Called Strike
1-1: Ball
2-1: Swinging Strike
2-2: Fly out, F8 (Flyball, 8LXD, EV 105.0 MPH)
Batting: RHB Xavier Gómez 0-0: Ball
1-0: Ball
2-0: Ball
3-0: Base on Balls
Bob Robinson to second
Batting: SHB Jim Harris 0-0: Ground out 4-3 (Groundball, 4, EV 97.5 MPH)
Bottom of the 7th over - 1 run, 1 hit, 1 error, 2 left on base; Syracuse 1 - Buffalo 6
TOP OF THE 8TH
Syracuse Chiefs batting - Pitching for Buffalo Bisons : LHP Joaquín Alfaro
Batting: LHB Jamie Smith 0-0: Called Strike
0-1: Called Strike
0-2: Strikes out swinging
Batting: RHB César Ortíz 0-0: Called Strike
0-1: Ball
1-1: Swinging Strike
1-2: Hit by Pitch
Batting: LHB Pancho Moreno 0-0: Ball
1-0: Called Strike
1-1: Single, Error in OF, E8, batter to second base (Line Drive, 6D, EV 94.4 MPH)
César Ortíz to third
Batting: RHB Joe Smith 0-0: 3-RUN HOME RUN (Flyball, 7D, EV 95.6 MPH), Distance : 364 ft
Pitching: RHP José Méndez
Now in LF: Josh Mason
Now in RF: Ty Davis
Batting: LHB Lauro Malaparte 0-0: Foul Ball, location: 2F
0-1: SINGLE (Line Drive, 89M, EV 97.5 MPH)
Batting: RHB Ignacio Cruz 0-0: Foul Ball, location: 5FF
0-1: Called Strike
0-2: Grounds into double play, 6-4-3 (Groundball, 6, EV 89.4 MPH)
Top of the 8th over - 3 runs, 3 hits, 1 error, 0 left on base; Syracuse 4 - Buffalo 6
BOTTOM OF THE 8TH
Buffalo Bisons batting - Pitching for Syracuse Chiefs : RHP Doug Carpenter
Batting: LHB Ty Davis 0-0: Ball
1-0: Called Strike
1-1: Ground out 4-3 (Groundball, 4, EV 91.9 MPH)
Batting: RHB Tim Burns 0-0: Foul Ball, location: 5DF
0-1: Ball
1-1: Ball
2-1: Foul Ball, location: 5SF
2-2: Ball
3-2: Foul Ball, location: 9LMF
3-2: Base on Balls
Batting: RHB Juan Sosa 0-0: Ball
1-0: Fly out, F9 (Line Drive, 9S, EV 101.3 MPH)
Pitching: RHP Jim Beasley
Batting: RHB Sean Harris 0-0: Foul Ball, location: 2F
0-1: Swinging Strike
0-2: Ball
1-2: Ball
2-2: Strikes out swinging
Bottom of the 8th over - 0 runs, 0 hits, 0 errors, 1 left on base; Syracuse 4 - Buffalo 6
TOP OF THE 9TH
Syracuse Chiefs batting - Pitching for Buffalo Bisons : RHP José Méndez
Pitching: LHP Rubén Mendoza
Batting: RHB Dave Smith 0-0: Ground out 5-3 (Groundball, 56, EV 89.4 MPH)
Pinch Hitting: RHB Luis Camacho 0-0: Foul Ball, location: 9LMF
0-1: Hit by Pitch
Batting: RHB Randy Simms 0-0: Grounds into double play, 5-4-3 (Groundball, 56, EV 96.3 MPH)
Top of the 9th over - 0 runs, 0 hits, 0 errors, 0 left on base; Syracuse 4 - Buffalo 6
Wednesday, May 1st , 2024 - OOTP Baseball 24.10 Build 82